 Dungeon Crawl Stone Soup version 0.17-a0-1646-geb1493d (webtiles) character file.

3875 Zanetsu the Severer (level 10, -3/77 HPs)
             Began as a Hill Orc Fighter on Aug 11, 2015.
             Was a Priest of Okawaru.
             Slain by a hill giant
             ... wielding a +0 giant spiked club
              (19 damage)
             ... on level 8 of the Dungeon.
             The game lasted 00:15:09 (6799 turns).

Zanetsu the Severer (Hill Orc Fighter)              Turns: 6799, Time: 00:15:09

Health: -3/77      AC: 17    Str: 21    XL:     10   Next: 19%
Magic:  9/10       EV:  8    Int: 10    God:    Okawaru [***...]
Gold:   403        SH: 11    Dex: 10    Spells: 0 memorised, 9 levels left

rFire  . . .     SeeInvis .     S - +1 war axe (flame)
rCold  . . .     Clarity  .     P - +1 chain mail {MR+}
rNeg   . . .     SustAt   .     c - +0 shield
rPois  .         Gourm    .     A - +0 helmet
rElec  .         Spirit   .     y - +1 cloak
rCorr  .         Warding  .     t - +0 pair of gloves
rMut   .         Stasis   .     (no boots)
MR     +....                    (no amulet)
Stlth  ..........               (no ring)
                                (no ring)

@: heroism, somewhat resistant to hostile enchantments, extremely unstealthy
A: no striking features
a: Heroism, Renounce Religion


You were on level 8 of the Dungeon.
You worshipped Okawaru.
Okawaru was most pleased with you.
You were not hungry.

You visited 2 branches of the dungeon, and saw 9 of its levels.

You collected 403 gold pieces.

Inventory:

Hand weapons
 a - a +0 long sword
 w - a +4 war axe
 B - a +0 shortbow
 S - a +1 war axe of flaming (weapon)
Missiles
 k - 11 bolts of flame
 C - 27 arrows
Armour
 b - a +0 scale mail
 c - a +0 shield (worn)
 t - a +0 pair of gloves (worn)
 y - a +1 cloak (worn)
 A - a +0 helmet (worn)
 E - a +0 ring mail of cold resistance
 P - a +1 chain mail of magic resistance (worn)
Jewellery
 g - an uncursed amulet of the gourmand
 j - an uncursed amulet of the gourmand
 v - an uncursed amulet of guardian spirit
Magical devices
 n - a wand of magic darts (28)
 p - a wand of enslavement (16)
 u - a wand of frost (23)
 H - a wand of magic darts (18)
 M - a wand of digging (3)
 N - a wand of random effects (17)
 Q - a wand of random effects (32)
Scrolls
 f - 2 scrolls of enchant weapon
 h - 4 scrolls of teleportation
 s - 2 scrolls of remove curse
 z - a scroll of recharging
 D - a scroll of identify
Potions
 l - a potion of beneficial mutation {unknown}
 m - 2 potions of curing
 o - 2 potions of cancellation
 q - 3 potions of heal wounds {unknown}
 r - 2 potions of invisibility {unknown}
 x - 2 potions of brilliance {unknown}
 I - a potion of magic {unknown}
 J - a potion of agility {unknown}
 L - a potion of cure mutation {unknown}
Comestibles
 d - 5 chunks of flesh
 e - 7 bread rations
 i - a slice of pizza
 F - 3 meat rations
 G - 7 beef jerkies


   Skills:
 - Level 3.6(8.6) Fighting
 - Level 5.8(10.8) Long Blades
 * Level 16.2(21.2) Axes
 - Level 3.2(8.2) Armour
 - Level 3.2(8.2) Shields


You had 9 spell levels left.
You didn't know any spells.

Dungeon Overview and Level Annotations

Branches:
Dungeon (8/15)             Temple (1/1) D:4
   Lair: D:8-11

Altars:
Ashenzari
Cheibriados
Dithmenos
Elyvilon
Fedhas
Kikubaaqudgha
Makhleb
Nemelex Xobeh
Okawaru
Qazlal
Ru
Sif Muna
Trog
Vehumet
Xom
Yredelemnul
Zin
The Shining One

Shops:
D:6 ?


Message History

You hit the hill giant. You burn the hill giant.
The hill giant is lightly wounded.
The hill giant barely misses you.
You barely miss the hill giant.
The hill giant is lightly wounded.
You hit the hill giant. You burn the hill giant.
The hill giant is moderately wounded.
The hill giant hits you with a giant spiked club!
You hit the hill giant but do no damage.
The hill giant is moderately wounded.
You hit the hill giant but do no damage.
The hill giant is moderately wounded.
The hill giant hits you with a giant spiked club!!!
* * * LOW HITPOINT WARNING * * *
You slice the hill giant!! You burn the hill giant.
The hill giant is severely wounded.
You slash the hill giant! You burn the hill giant.
The hill giant is almost dead.
The hill giant hits you with a giant spiked club!!
You die...

#.......
###############.......
.....................>
######.#....#########
#.#...........
#.#....#######
#.#....#
############.#....#
##.(.....SC@..#....#
........#######.####
##................
#.....S######..###
...................
######..C.......###
..................
####...†.....#.###
.................


You could see a hill giant and an adder.

Vanquished Creatures
  The ghost of Goblin1989 the Basher, an experienced HuBe of Trog (D:8)
  A two-headed ogre (D:7)
  A wyvern (D:8)
  Eustachio (D:4)
  3 hippogriffs
  3 phantoms
  A black bear (D:6)
  3 ogres
  A centaur (D:5)
  2 sky beasts (D:5)
  Blork the orc (D:4)
  3 giant frogs
  A water moccasin zombie (D:8)
  6 killer bees (D:7)
  A scorpion (D:7)
  3 wights (D:7)
  A giant frog zombie (D:6)
  A giant frog skeleton (D:7)
  3 hounds
  2 orc priests (D:7)
  Crazy Yiuf (D:3)
  4 iguanas
  A jelly (D:7)
  A quasit (D:7)
  4 orc wizards (D:7)
  2 worker ants
  A worker ant zombie (D:2)
  10 adders
  An adder zombie (D:7)
  5 worms
  A giant gecko (D:6)
  22 orcs
  11 bats
  7 giant cockroaches
  8 hobgoblins
  7 jackals (D:2)
  A ball python (D:2)
  3 giant newts
  14 goblins
  A jackal zombie (D:7)
  6 kobolds
  4 quokkas
  12 rats
  A plant (D:1)
167 creatures vanquished.

Notes
Turn   | Place    | Note
--------------------------------------------------------------
     0 | D:1      | Zanetsu the Hill Orc Fighter began the quest for the Orb.
     0 | D:1      | Reached XP level 1. HP: 19/19 MP: 1/1
    82 | D:1      | Reached XP level 2. HP: 13/26 MP: 2/2
  1130 | D:2      | Reached XP level 3. HP: 28/31 MP: 3/3
  1197 | D:2      | Reached skill level 4 in Long Blades
  1495 | D:2      | Reached XP level 4. HP: 25/39 MP: 4/4
  1830 | D:2      | Reached skill level 5 in Long Blades
  2120 | D:3      | Reached XP level 5. HP: 27/45 MP: 5/5
  2715 | D:3      | Noticed Crazy Yiuf
  2725 | D:3      | Killed Crazy Yiuf
  2977 | D:4      | Noticed Blork the orc
  2992 | D:4      | Killed Blork the orc
  2992 | D:4      | Reached XP level 6. HP: 34/51 MP: 6/6
  3280 | D:4      | Found a staircase to the Ecumenical Temple.
  3333 | D:4      | Noticed Eustachio
  3358 | D:4      | Killed Eustachio
  3358 | D:4      | Reached skill level 6 in Axes
  3358 | D:4      | Reached XP level 7. HP: 53/57 MP: 7/7
  3585 | D:4      | Reached skill level 7 in Axes
  3644 | D:4      | Found a glowing drain.
  3787 | Temple   | Entered the Ecumenical Temple
  3918 | Temple   | Became a worshipper of Warmaster Okawaru
  4006 | D:5      | Entered Level 5 of the Dungeon
  4010 | D:5      | Reached skill level 8 in Axes
  4252 | D:5      | Reached skill level 9 in Axes
  4252 | D:5      | Reached XP level 8. HP: 55/64 MP: 8/8
  4272 | D:5      | Acquired Okawaru's first power
  4647 | D:6      | Reached skill level 10 in Axes
  4929 | D:6      | Found Plog's Magic Scroll Shoppe.
  5258 | D:7      | Reached skill level 11 in Axes
  5340 | D:7      | Reached skill level 12 in Axes
  5630 | D:7      | Reached XP level 9. HP: 70/70 MP: 9/9
  5736 | D:7      | Reached skill level 13 in Axes
  6385 | D:7      | Noticed a two-headed ogre
  6394 | D:7      | Killed a two-headed ogre
  6394 | D:7      | Reached skill level 14 in Axes
  6676 | D:8      | Noticed Goblin1989's ghost (experienced HuBe)
  6698 | D:8      | Killed Goblin1989's ghost
  6698 | D:8      | Reached skill level 15 in Axes
  6698 | D:8      | Reached XP level 10. HP: 77/77 MP: 8/10
  6705 | D:8      | Reached skill level 16 in Axes
  6770 | D:8      | Noticed a hill giant
  6799 | D:8      | Slain by a hill giant

Vault maps used:
D:1:      minmay_arrival_checkered_box, serial_forest,
          infiniplex_forest_clump_diagonal, infiniplex_forest_lined_corner,
          infiniplex_forest_straight_2, infiniplex_forest_straight_4,
          infiniplex_forest_clump_curved, infiniplex_forest_clump_small,
          infiniplex_forest_clump_tiny, minmay_misc_feat_ornament,
          minmay_misc_feat_diagonals, kennysheep_decorative_pillar
D:2:      kennysheep_the_goblin_king
D:3:      first_bread, grunt_ministairs_2, uniq_crazy_yiuf_cottage
D:4:      temple_doors_e, portal_sewer_entry_d, minmay_statues_item,
          uniq_eustachio, uniq_blork_the_orc
D:5:      grunt_ministairs_4
D:6:      serial_shops, nicolae_shop_trees
D:7:      grunt_ogre_cave, minivault_22, minivault_19
D:8:      boulder_corridor_run, hex_intersection, trog_hazing_becter
Temple:   kilobyte_greek_temple_18

Action                   |  1- 3 |  4- 6 |  7- 9 | 10-12 || total
-------------------------+-------+-------+-------+-------++-------
Melee: Long sword        |   195 |   117 |       |       ||   312
       War axe           |       |    53 |   289 |    22 ||   364
Invok: Heroism           |       |       |     1 |     1 ||     2
Evoke: Wand              |       |       |     1 |       ||     1
  Use: Scroll            |     1 |     6 |     7 |     4 ||    18
       Potion            |       |     2 |     4 |       ||     6
  Eat: Chunk             |     2 |     2 |       |       ||     4
       Bread ration      |       |     1 |     2 |       ||     3
       Beef jerky        |       |       |     1 |       ||     1
       Meat ration       |       |       |     1 |       ||     1
